 Dungeon Crawl Stone Soup version 0.31-a0-986-g5e6e4ef867 (webtiles) character file.

Game seed: 1013351950171585574

6 jestert79 the Caller (level 1, 13/13 HPs)
             Began as a Barachi Summoner on Nov 8, 2023.
             Quit the game on level 1 of the Dungeon.
             The game lasted 00:01:06 (302 turns).

jestert79 the Caller (Barachi Summoner)              Turns: 302, Time: 00:01:07

Health: 13/13      AC:  2    Str:  9    XL:     1   Next: 90%
Magic:  1/3        EV: 12    Int: 15    God:
Gold:   28         SH:  0    Dex: 12    Spells: 3/4 levels left

rFire   . . .        e - +0 long sword
rCold   . . .        (no shield)
rNeg    . . .        a - +0 robe
rPois   .            (no helmet)
rElec   .            (no cloak)
rCorr   .            (no gloves)
SInv    .            (no boots)
Will    .....        (no amulet)
Stlth   ++           (no ring)
HPRegen 0.22/turn    (no ring)
MPRegen 0.08/turn

%: no passive effects
@: slow
A: amphibious, slowness 1, strong legs 1, +LOS
a: Hop


You were on level 1 of the Dungeon.
You visited 1 branch of the dungeon, and saw 1 of its levels.

You collected 28 gold pieces.

Inventory:

Hand Weapons
 e - a +0 long sword (weapon)
Armour
 a - a +0 robe (worn)
Jewellery
 f - a ring of fire
Scrolls
 d - a scroll of teleportation {unknown}
Potions
 b - a potion of magic
 c - 2 potions of heal wounds {unknown}


   Skills:
 + Level 2.3 Dodging
 + Level 1.9 Stealth
 + Level 2.3 Spellcasting
 + Level 4.9 Summonings


You had 3 spell levels left.
You knew the following spells:

 Your Spells              Type           Power      Damage    Failure   Level
a - Summon Small Mammal   Summ           64%        N/A       2%          1

Your spell library contained the following spells:

 Spells                   Type           Power      Damage    Failure   Level
 Call Imp                 Summ           32%        N/A       4%          2
 Call Canine Familiar     Summ           16%        N/A       9%          3
 Summon Guardian Golem    Hex/Summ       9%         N/A       24%         3
 Summon Lightning Spire   Summ/Air       9%         N/A       61%         4


Dungeon Overview and Level Annotations

Branches:
Dungeon (1/15)

Altars:

Shops:
D:1 :


Innate Abilities, Weirdness & Mutations

You are amphibious.
You cover ground slowly.
You can hop short distances.
You have an extended range of vision and can be seen from far away.


Message History

No target in view!
Magic restored.
Found a ring mail.
You see here a +0 ring mail.
A bat comes into view.
Casting: Summon Small Mammal (safe; 3% risk of failure)
Confirm with . or Enter, or press ? or * to list all spells.
The bat barely misses you.
You barely miss the bat. The bat hits you but does no damage.
Your bat closely misses the bat.
You slash the bat!
You kill the bat!
You swap places.
Found a stone staircase leading down.
An endoplasm comes into view.
Your bat disappears in a puff of smoke!
An endoplasm is nearby!
Unknown command.
Found a chain mail.
There is a stone staircase leading down here.
Found a scroll labelled OSECARGHODUV.
Casting: Summon Small Mammal (safe; 2% risk of failure)
Confirm with . or Enter, or press ? or * to list all spells.
Casting: Summon Small Mammal (safe; 2% risk of failure)
Confirm with . or Enter, or press ? or * to list all spells.
The endoplasm quivers.
The endoplasm misses your bat.
You swap places.
Your bat hits the endoplasm. You hit the endoplasm.
The endoplasm is heavily wounded.
Your quokka bites the endoplasm.
The endoplasm closely misses you.
You hit the endoplasm.
You kill the endoplasm!
Unknown command.
Assign waypoint to what number? (0-9)
Okay, then.
Okay, then.
Unknown command.
Unknown command.
Are you sure you want to abandon this character and quit the game? (Confirm with "yes".)

.##.# ..###.# ###.#
..#.. ###.# #...#
....## #?..# .....#
#[..#
†###.#######...######
.###.##.............##
..........>.....r....#
..##.##..>.....b@....#
.....#######...#####.#
..#### #...# #.# #...#
#.# ##...### #.# #
......# #.#
#.##.##.####
..########..........#
..#........##.##.##.#


You could see a friendly quokka (summoned) and a friendly bat (summoned).

Vanquished Creatures
  A dart slug (D:1)
  An endoplasm (D:1)
  A bat (D:1)
3 creatures vanquished.

Vanquished Creatures (collateral kills)
  A goblin (D:1)
1 creature vanquished.

Grand Total: 4 creatures vanquished

Notes
Turn   | Place    | Note
-------+----------+-------------------------------------------
     0 | D:1      | jestert79 the Barachi Summoner began the quest for the Orb.
     0 | D:1      | Reached XP level 1. HP: 13/13 MP: 3/3
   125 | D:1      | Found Heciragg's Book Emporium.
   302 | D:1      | Quit the game

Illustrated notes

Levels and vault maps discovered:
D:1:      minmay_arrival_stone_box, layout_loops_cross, serial_shops, shop,
          ebering_ecumenical_altar_abandoned, hangedman_abyss_or_decor_stabs

Action                     || total
---------------------------++-------
  Melee: Long sword        ||     8
   Cast: Summon Small Mamm ||     5
   Stab: Sleeping          ||     1
 Armour: Robe              ||     3
  Dodge: Dodged            ||     2

Table legend: (Time is in decaauts)
 A = Elapsed time spent in this place.
 B = Non-inter-level travel time spent in this place.
 C = Inter-level travel time spent in this place.
 D = Time resting spent in this place.
 E = Time spent auto-exploring this place.
 F = Levels seen in this place.
 G = Mean time per level.
                   A        B        C        D        E       F      G
               +--------+--------+--------+--------+--------+-----+--------+
         Total |    353 |    353 |      0 |      0 |    280 |   1 |  353.0 |
       Dungeon |    353 |    353 |      0 |      0 |    280 |   1 |  353.0 |
               +--------+--------+--------+--------+--------+-----+--------+

Top non-repeatable levels by time:
     D:1: 353 daAuts
